 Dungeon Crawl Stone Soup version 0.29-a0-330-g52719c12eb (webtiles) character file.

Game seed: 15335662102375545470

258 dohliylev the Ruffian (level 5, 0/49 HPs)
             Began as a Troll Gladiator on May 11, 2022.
             Slain by an orc
             ... wielding a +0 flail
              (1 damage)
             ... on level 3 of the Dungeon.
             The game lasted 00:07:43 (1755 turns).

dohliylev the Ruffian (Troll Gladiator)             Turns: 1755, Time: 00:07:44

Health: 0/49       AC:  5    Str: 24    XL:     5   Next: 94%
Magic:  4/4        EV: 10    Int:  4    God:
Gold:   204        SH:  0    Dex: 11    Spells: 4/4 levels left

rFire   . . .      SeeInvis .     - Unarmed
rCold   . . .      Faith    .   (no shield)
rNeg    . . .      Spirit   .   a - +0 robe
rPois   .          Reflect  .   b - +0 hat
rElec   .          Harm     .   r - +0 cloak
rCorr   .          Rampage  .   (gloves unavailable)
Will    .....                   (boots unavailable)
Stlth   +.........              (no amulet)
HPRegen 0.96/turn               (no ring)
MPRegen 0.09/turn               (no ring)

@: no status effects
A: large, unfitting armour, claws 3, regeneration 1, shaggy fur 1, tough skin 1
a: no special abilities


You were on level 3 of the Dungeon.
You visited 1 branch of the dungeon, and saw 3 of its levels.

You collected 204 gold pieces.

Inventory:

Missiles
 c - 2 throwing nets (quivered)
 d - a large rock
Armour
 a - a +0 robe (worn)
 b - a +0 hat (worn)
 r - a +0 cloak (worn)
Wands
 t - a wand of paralysis (12)
 u - a wand of polymorph (7)
Scrolls
 e - 4 scrolls of identify {unknown}
 f - a scroll of acquirement {unknown}
 g - a scroll of fear {unknown}
 h - 2 scrolls of noise {unknown}
 n - 3 scrolls of teleportation {unknown}
 q - a scroll of enchant weapon {unknown}
 s - a scroll of blinking {unknown}
Potions
 i - a potion of invisibility {unknown}
 j - a potion of degeneration {unknown}
 k - a potion of might {unknown}
 l - a potion of mutation {unknown}
 m - a potion of brilliance {unknown}
 o - a potion of curing {unknown}
 p - 2 potions of magic {unknown}


   Skills:
 + Level 2.0 Fighting
 + Level 1.9 Throwing
 * Level 3.9 Dodging
 + Level 5.2 Unarmed Combat


You had 4 spell levels left.
You didn't know any spells.
Your spell library contained the following spells:

 Spells                   Type           Power      Damage    Failure   Level
 Animate Skeleton         Necr           0%         N/A       50%         1
 Pain                     Necr           0%         1d4       50%         1
 Vampiric Draining        Necr           0%         2d6       86%         3


Dungeon Overview and Level Annotations

Branches:
Dungeon (3/15)

Altars:
Uskayaw

Shops:
D:2 *   D:3 :


Innate Abilities, Weirdness & Mutations

You are too large for most types of armour.
You have claws for hands.
Your natural rate of healing is unusually fast.
You are covered in fur. (AC +1)
You have tough skin. (AC +1)


Message History

Beogh smites you!
The orc priest invokes the aid of Beogh against you.
Beogh smites you!
You claw the orc!
You kill the orc!
The orc priest hits you with a +0 club.
Items here: )) [ †.
You scratch the orc priest.
The orc priest is moderately wounded.
The orc barely misses you.
The orc priest calls down the wrath of Beogh upon you.
Beogh smites you!
* * * LOW HITPOINT WARNING * * *
You claw the orc priest!
You kill the orc priest!
The orc hits you with a +0 trident.
* * * LOW HITPOINT WARNING * * *
Things that are here:
a +0 club; a scroll labelled YSEBLU TUAMN; an orc corpse You barely miss the orc.
The orc hits you with a +0 trident!
* * * LOW HITPOINT WARNING * * *
The orc hits you from afar with a +0 trident.
* * * LOW HITPOINT WARNING * * *
Items here: )) [ †.
The orc barely misses you.
Okay, then.
The orc hits you with a +0 trident.
* * * LOW HITPOINT WARNING * * *
You closely miss the orc. Your claw misses the orc. The orc barely misses you.
You closely miss the orc. The orc hits you with a +0 trident.
* * * LOW HITPOINT WARNING * * *
The orc hits you with a +0 flail.
* * * LOW HITPOINT WARNING * * *
The orc priest invokes the aid of Beogh against you.
Pain shoots through your body!
* * * LOW HITPOINT WARNING * * *
You closely miss the orc. The orc hits you with a +0 trident.
* * * LOW HITPOINT WARNING * * *
The orc hits you with a +0 flail.
You die...

......#.#.......######.###.#.#
.....##.#####.......#....#.#.#
.###...........####.##...#.#.#
.# #####......#####.#....#.#.#
.#########.#........######.###
..)).......#...............#
.###########################
..))...............#
.########......o@.# .#
#......oo.#
o########.........#
.......############ .....(.##
........# .)......# ........#
........#


You could see an orc priest and 2 orcs.

Vanquished Creatures
  A hound (D:3)
  2 orc priests (D:3)
  An orc wizard (D:3)
  A gnoll (D:1)
  4 adders
  2 worms
  2 dart slugs
  8 orcs (D:3)
  8 ball pythons
  5 bats
  7 endoplasms
  6 giant cockroaches
  6 goblins
  5 hobgoblins
  7 jackals
  5 quokkas
  A frilled lizard (D:3)
  6 kobolds
  7 rats
84 creatures vanquished.

Notes
Turn   | Place    | Note
-------+----------+-------------------------------------------
     0 | D:1      | dohliylev the Troll Gladiator began the quest for the Orb.
     0 | D:1      | Reached XP level 1. HP: 19/19 MP: 0/0
   115 | D:1      | Reached XP level 2. HP: 27/27 MP: 1/1
   253 | D:1      | Reached XP level 3. HP: 35/35 MP: 2/2
   671 | D:2      | Found a faded altar of an unknown god.
   711 | D:2      | Reached XP level 4. HP: 36/42 MP: 3/3
   723 | D:2      | Reached skill level 4 in Unarmed Combat
   961 | D:2      | Found Lanepp's Assorted Antiques.
  1196 | D:3      | Reached XP level 5. HP: 46/49 MP: 4/4
  1291 | D:3      | Found a hide-covered altar of Uskayaw.
  1372 | D:3      | Reached skill level 5 in Unarmed Combat
  1394 | D:3      | Found Otesel's Book Boutique.
  1735 | D:3      | HP: 1/49 [orc/+0 trident (7)]
  1754 | D:3      | HP: 1/49 [orc priest/nerve-wracking pain (8)]
  1755 | D:3      | Slain by an orc

Illustrated notes

Levels and vault maps discovered:
D:1:      dpeg_arrival_windows_large_door, layout_rooms, minmay_split_cup_small
D:2:      layout_basic, serial_shops, nicolae_square_shop,
          chequers_ecumenical_altar_twisty, minmay_close_crescents
D:3:      layout_basic, mainiacjoe_overflow_catch_the_wave, serial_shops, shop,
          grunt_ministairs_3, kennysheep_flooded_box

Skill      XL: |  1  2  3  4  5 |
---------------+----------------+-----
Dodging        | 3 |  3.9
Unarmed Combat | 4 5 |  5.2
Fighting       | 2 |  2.0
Throwing       | |  1.9

Action                   |  1- 3 |  4- 6 || total
-------------------------+-------+-------++-------
Melee: Unarmed           |    99 |   120 ||   219
       Punch             |     1 |     3 ||     4
Throw: Throwing net      |     2 |       ||     2
 Stab: Sleeping          |     1 |       ||     1
Armor: Robe              |    40 |    31 ||    71
Dodge: Dodged            |    54 |    61 ||   115

Table legend: (Time is in decaauts)
 A = Elapsed time spent in this place.
 B = Non-inter-level travel time spent in this place.
 C = Inter-level travel time spent in this place.
 D = Time resting spent in this place.
 E = Time spent auto-exploring this place.
 F = Levels seen in this place.
 G = Mean time per level.
                   A        B        C        D        E       F      G
               +--------+--------+--------+--------+--------+-----+--------+
         Total |   1739 |   1716 |     23 |      5 |   1080 |   3 |  579.7 |
       Dungeon |   1739 |   1716 |     23 |      5 |   1080 |   3 |  579.7 |
               +--------+--------+--------+--------+--------+-----+--------+

Top non-repeatable levels by time:
     D:2: 639 daAuts
     D:3: 598 daAuts
     D:1: 501 daAuts
